Map: [ESL] Cosmic Sapphire

Players

HateMe

  • Race: Zerg Zerg
  • Spawn Location: 5:00

Rattata - Winner!

  • Race: Zerg Zerg
  • Spawn Location: 11:00

Event: DreamHack SC2 Masters 2022 Atlanta (Online)

VOD

Have the link to the VOD?

Description

Time

  • Played on: Oct. 8, 2022, 12:50 p.m.
  • Length: 11:26

All games in this series

Show
View Real Time Build Order
Export as new Build Order

HateMe Zerg 

Build Orders: Hatch First 

Get SALT Encoding   

  12  0:00  Drone  
  13  0:12  Overlord  
  13  0:17  Drone  
  14  0:30  Drone x2  
  16  0:48  Hatchery  
  15  0:50  Drone  
  15  0:54  Drone  
  17  0:57  Drone  
  18  1:07  Extractor  
  17  1:12  Spawning Pool  
  17  1:16  Drone  
  17  1:19  Drone  
  18  1:27  Drone  
  19  1:38  Drone  
  20  1:49  Drone  
  21  2:00  Queen x2  
  21  2:01  Drone  
  26  2:11  Hatchery  
  26  2:14  Drone  
  26  2:19  Overlord  
  26  2:22  Drone  
  27  2:27  Drone  
  28  2:39  Drone x3  
  28  2:43  Drone x2  
  33  2:52  Evolution Chamber  
  33  2:54  Overlord  
  33  2:57  Drone  
  33  3:02  Lair  
  33  3:04  Drone  
  34  3:11  Drone x2, Roach Warren  
  36  3:12  Drone  
  36  3:15  Drone  
  36  3:19  Drone x2  
  39  3:22  Zerg Missile Weapons Level 1  
  39  3:24  Drone  
  40  3:30  Queen  
  43  3:34  Drone  
  43  3:35  Overlord  
  43  3:47  Evolution Chamber  
  42  3:51  Roach x4  
  42  3:54  Drone  
  51  3:57  Roach x2  
  51  4:01  Drone  
  51  4:02  Drone  
  57  4:03  Drone  
  57  4:08  Extractor  
  57  4:09  Queen, Extractor  
  56  4:11  Drone  
  57  4:17  Drone  
  57  4:18  Overlord  
  57  4:20  Overlord  
  58  4:37  Drone x2, Hatchery  
  59  4:39  Drone x5  
  59  4:40  Drone  
  59  4:42  Drone x2  
  59  4:44  Overlord  
  59  4:45  Drone, Extractor  
  68  4:46  Drone  
  68  4:59  Drone x2  
  70  5:06  Roach x6  
  82  5:16  Overlord  
  82  5:17  Overlord x2  
  82  5:18  Zerg Missile Weapons Level 2  
  82  5:21  Overlord  
  82  5:28  Overlord  
  92  5:35  Roach x5  
  92  5:36  Roach x3  
  92  5:42  Roach x2  
  102  5:47  Overlord  
  102  5:48  Roach x3  
  108  5:50  Roach  
  108  5:51  Overseer  
  108  5:55  Roach x2  
  114  5:58  Queen  
  114  6:00  Overlord  
  114  6:02  Overlord  
  114  6:04  Roach x3  
  122  6:08  Roach  
  122  6:09  Roach  
  126  6:12  Roach x3  
  126  6:13  Roach  
  126  6:15  Roach  
  136  6:18  Overlord  
  136  6:22  Roach x3  
  136  6:23  Glial Reconstitution  
  142  6:33  Roach x4  
  142  6:35  Overlord  
  152  6:40  Roach  
  152  6:41  Overlord  
  152  6:44  Overlord  
  152  6:56  Roach x4  
  152  7:00  Roach  
  152  7:01  Roach x3  
  166  7:02  Roach  
  166  7:04  Roach  
  166  7:05  Roach x3  
  166  7:07  Roach  
  158  7:10  Roach  
  158  7:12  Roach  
  158  7:14  Roach  
  150  7:17  Roach  
  150  7:19  Roach  
  150  7:21  Roach  
  150  7:27  Roach x2  
  150  7:28  Roach  
  156  7:32  Roach x2  
  156  7:34  Roach  
  156  7:35  Drone x8  
  166  7:38  Roach  
  166  7:40  Roach  
  168  7:44  Roach  
  168  7:45  Roach  
  168  7:48  Roach  
  168  7:49  Roach  
  160  7:51  Roach  
  160  7:54  Roach  
  160  7:55  Roach  
  146  7:58  Roach  
  146  8:00  Drone x6  
  146  8:01  Drone  
  146  8:05  Roach  
  152  8:08  Roach  
  152  8:09  Roach x2  
  152  8:10  Roach  
  156  8:17  Extractor  
  156  8:18  Extractor  
  154  8:20  Queen  
  154  8:22  Roach x5  
  154  8:26  Roach x2  
  154  8:27  Roach  
  154  8:29  Roach  
  154  8:33  Roach  
  134  8:36  Roach  
  127  8:45  Roach x4  
  133  8:50  Roach x4  
  133  8:52  Roach  
  143  8:57  Roach x3  
  149  9:05  Roach x5  
  157  9:11  Roach x3  
  157  9:16  Roach x4  
  171  9:19  Roach  
  171  9:21  Overlord x2  
  173  9:25  Roach x2  
  173  9:29  Roach x3  
  169  9:33  Roach  
  169  9:34  Roach  
  169  9:38  Roach x3  
  163  9:40  Roach  
  163  9:41  Roach  
  163  9:44  Roach  
  151  9:50  Roach x3  
  153  9:55  Roach x3  
  153  9:59  Roach x2  
  161  10:02  Roach x2  
  163  10:08  Roach x3  
  169  10:16  Roach x2  
  169  10:19  Roach  
  169  10:20  Roach  
  177  10:25  Roach x4  
  185  10:28  Overlord  
  185  10:32  Roach x2  
  185  10:34  Roach  
  191  10:39  Roach  
  185  10:46  Roach x6  
  185  10:47  Roach  
  161  10:50  Roach  
  161  10:56  Roach x4  
  139  10:58  Roach  
  139  11:01  Roach  
  139  11:02  Roach  
  139  11:04  Roach  
  135  11:05  Roach  
Show
View Real Time Build Order
Export as new Build Order

Rattata Zerg - Winner!

Build Orders: Hatch First 

Get SALT Encoding   

  12  0:00  Drone  
  13  0:12  Overlord  
  13  0:16  Drone  
  14  0:30  Drone x2  
  16  0:47  Hatchery  
  15  0:51  Drone  
  15  0:54  Drone  
  17  0:57  Drone  
  18  1:08  Extractor  
  17  1:13  Spawning Pool  
  17  1:16  Drone  
  17  1:18  Drone  
  18  1:27  Drone  
  19  1:38  Drone  
  20  1:49  Drone  
  21  1:59  Queen x2  
  21  2:00  Zergling x2, Overlord  
  26  2:10  Metabolic Boost, Drone x2  
  28  2:21  Zergling x2  
  28  2:22  Drone  
  30  2:32  Hatchery  
  30  2:35  Drone  
  30  2:38  Drone  
  30  2:42  Drone  
  32  2:46  Overlord  
  32  2:53  Drone  
  32  2:54  Drone  
  32  2:55  Queen  
  36  3:00  Evolution Chamber  
  36  3:03  Drone  
  36  3:06  Drone  
  36  3:09  Drone x2  
  36  3:11  Drone  
  40  3:16  Overlord  
  40  3:20  Zergling x4  
  40  3:23  Zergling x4  
  43  3:28  Zerg Ground Armor Level 1  
  43  3:36  Drone x2  
  45  3:41  Drone x4  
  45  3:45  Drone x2  
  51  3:51  Roach Warren  
  51  3:52  Drone  
  51  3:55  Drone  
  51  3:56  Drone  
  51  4:00  Extractor  
  51  4:02  Extractor  
  50  4:03  Drone x2  
  50  4:07  Lair  
  51  4:11  Drone x3  
  51  4:15  Overlord  
  53  4:19  Zergling x8  
  57  4:24  Overlord  
  57  4:30  Overlord  
  57  4:34  Drone  
  57  4:35  Drone x3  
  57  4:37  Overlord  
  57  4:38  Roach x2  
  65  4:43  Overlord  
  65  4:49  Roach x3  
  65  4:52  Overlord  
  71  4:53  Roach  
  73  5:00  Roach x3  
  73  5:04  Overseer  
  73  5:05  Glial Reconstitution  
  79  5:09  Drone x2, Extractor  
  79  5:10  Drone  
  79  5:13  Overlord  
  81  5:17  Roach x2  
  81  5:18  Roach x2  
  88  5:23  Overlord  
  88  5:30  Roach x4  
  96  5:36  Overlord  
  96  5:43  Zerg Missile Weapons Level 1  
  96  5:47  Roach x4  
  104  5:54  Overlord  
  104  5:57  Drone x4  
  104  5:58  Drone x2, Extractor  
  104  6:00  Drone  
  104  6:01  Drone, Overlord x2  
  104  6:03  Roach  
  113  6:05  Roach  
  115  6:15  Overlord  
  115  6:16  Roach x2  
  119  6:19  Roach x4  
  119  6:25  Roach x3  
  133  6:30  Overlord  
  133  6:33  Roach x2  
  133  6:34  Roach  
  133  6:38  Ravager x2  
  141  6:45  Roach x5  
  151  6:49  Overlord  
  151  6:51  Roach x3  
  157  6:56  Roach  
  157  7:02  Roach x4  
  157  7:06  Roach x2  
  157  7:07  Roach x2  
  154  7:09  Roach  
  154  7:13  Roach x2  
  144  7:21  Roach  
  144  7:22  Roach x3  
  146  7:27  Ravager x2  
  148  7:32  Zergling x12, Roach x2  
  158  7:39  Roach x2  
  158  7:41  Ravager  
  158  7:42  Overlord  
  163  7:47  Roach  
  163  7:50  Roach  
  163  7:51  Roach  
  159  7:57  Roach x6  
  143  8:02  Roach x3  
  143  8:07  Roach x2  
  143  8:10  Roach  
  137  8:13  Roach  
  137  8:18  Roach x2  
  137  8:19  Ravager  
  144  8:23  Roach  
  144  8:26  Roach x2  
  119  8:36  Roach x3  
  124  8:45  Roach x7  
  135  8:50  Roach x2  
  135  8:55  Queen  
  134  8:57  Roach x2  
  134  8:58  Ravager, Extractor  
  134  9:02  Spine Crawler  
  139  9:04  Spine Crawler  
  139  9:06  Roach x3  
  146  9:14  Roach  
  146  9:17  Roach  
  150  9:20  Overlord  
  150  9:22  Roach x3  
  155  9:26  Roach x3  
  145  9:31  Roach x3  
  145  9:37  Roach x3  
  145  9:39  Roach  
  145  9:40  Roach  
  145  9:44  Roach  
  145  9:45  Roach x2  
  145  9:49  Roach x2  
  145  9:50  Roach  
  150  9:53  Ravager  
  150  9:54  Overlord  
  150  9:56  Roach  
  150  9:59  Overlord  
  152  10:02  Ravager  
  152  10:03  Roach x2  
  157  10:10  Overlord  
  157  10:11  Roach x2  
  157  10:13  Ravager  
  162  10:17  Roach x2  
  166  10:21  Roach  
  166  10:22  Roach  
  166  10:24  Roach  
  166  10:27  Ravager  
  173  10:31  Roach x3  
  179  10:39  Roach x4  
  181  10:48  Roach x3  
  167  10:52  Roach x2  
  161  10:59  Roach x2  
  161  11:03  Ravager  
  166  11:05  Ravager  
  166  11:06  Roach x2  
Tags
 
Add a new tag
Caveats
  • Supply blocks, unpowered buildings, or Contaminate may cause inaccurate times.
  • Supply counts are checked every 10 seconds.